 Dungeon Crawl Stone Soup version 0.21-a0-630-g344d351 (webtiles) character file.

0 Firecrotchwizard the Insei (level 1, 0/11 HPs)
             Began as a Vine Stalker Monk on Dec 27, 2017.
             Slain by a ball python (1 damage)
             ... on level 1 of the Dungeon.
             The game lasted 00:00:18 (73 turns).

Firecrotchwizard the Insei (Vine Stalker Monk)        Turns: 73, Time: 00:00:19

Health: 0/11       AC:  2    Str: 13    XL:     1   Next: 10%
Magic:  0/2        EV: 10    Int: 10    God:
Gold:   7          SH:  0    Dex: 16    Spells: 0/0 levels left

rFire    . . .     SeeInvis .     - Unarmed
rCold    . . .     Gourm    .   (no shield)
rNeg     . . .     Faith    .   a - +0 robe
rPois    .         Spirit   +   (no helmet)
rElec    .         Reflect  .   (no cloak)
rCorr    .         Harm     .   (no gloves)
MR       .....                  (no boots)
Stlth    ++........             (no amulet)
HPRegen  0.03/turn              (no ring)
MPRegen  0.08/turn              (no ring)

@: constricted
A: fangs 2, magic shield, antimagic bite, no potion heal 3, rot immunity
a: no special abilities


You were on level 1 of the Dungeon.
You were not hungry.

You visited 1 branch of the dungeon, and saw 1 of its levels.

You collected 7 gold pieces.

Inventory:

Armour
 a - a +0 robe (worn)
Scrolls
 c - a scroll of identify {unknown}
 d - a scroll of teleportation {unknown}
Comestibles
 b - a ration {@e1}


   Skills:
 - Level 2.6 Fighting
 - Level 2.4 Dodging
 - Level 2.4 Stealth
 * Level 3.0 Unarmed Combat


You couldn't memorise any spells.
You didn't know any spells.

Dungeon Overview and Level Annotations

Branches:
Dungeon (1/15)

Altars:


Innate Abilities, Weirdness & Mutations

You have extremely sharp teeth.
When hurt, damage is shared between your health and your magic reserves.
Your bite disrupts and absorbs the magic of your enemies.
Potions cannot restore your health.
You are immune to rotting.


Message History

Welcome, Firecrotchwizard the Vine Stalker Monk.
It is said that the Orb of Zot exists deep within this dungeon.
Found a scroll labeled BEUSUW PAJOOSY.
Found a staircase leading out of the dungeon.
c - a scroll labeled BEUSUW PAJOOSY You open the door.
There is an open door here.
You open the door.
There is an open door here.
There is an open door here.
As you open the door, it creaks loudly!
There is an open door here.
d - a scroll labeled TEASTU ETICIKH
There is an open door here.
You open the door.
Found a stone staircase leading down.
There is an open door here.
You now have 7 gold pieces.
A kobold comes into view. It is wielding a short sword.
The helpless kobold fails to defend itself.
You hit the kobold.
You kill the kobold!
Things that are here:
a short sword; a kobold corpse A gnoll comes into view.
The gnoll shouts!
You hear an angry hiss.
A ball python comes into view.
You barely miss the gnoll.
The ball python hisses angrily.
You bite the gnoll, but do no damage. You barely miss the gnoll.
You bite the gnoll. You drain its power. The gnoll hits you.
You take 3 damage, and have 8/11 hp.
MASSIVE DAMAGE!!
You hit the gnoll. You bite the gnoll. You drain its power.
The gnoll barely misses you.
You hit the gnoll but do no damage. You bite the gnoll, but do no damage.
The gnoll barely misses you.
You hit the gnoll. The gnoll hits you!
Ouch! That really hurt!
* * * LOW HITPOINT WARNING * * *
You take 6 damage, and have 2/11 hp.
MASSIVE DAMAGE!!
You now have 0/2 mp.
You hit the gnoll but do no damage. The gnoll closely misses you.
You barely miss the gnoll. The ball python bites you.
* * * LOW HITPOINT WARNING * * *
The ball python grabs you. The ball python constricts you.
The gnoll hits you but does no damage. The ball python barely misses you.
You die...

..... ####...### ##
##...#.....
...####.......#####
...................
#...........##.######+
..####.####)..........
##.......####..####.
#.............##@S#
...............##g.#
.......⌠........#.....
......⌠>⌠.......#..#....
.......⌠........#... ...
................#.#.# ..
...............####.. #
#.............## #..
####.......#####


You could see a gnoll and a ball python.

Vanquished Creatures
  A kobold (D:1)
1 creature vanquished.

Notes
Turn   | Place    | Note
-------+----------+-------------------------------------------
     0 | D:1      | Firecrotchwizard the Vine Stalker Monk began the quest for the Orb.
     0 | D:1      | Reached XP level 1. HP: 11/11 MP: 2/2
    71 | D:1      | HP: 2/11 [gnoll (6)]
    73 | D:1      | Slain by a ball python

Vault maps used:
D:1:      dpeg_arrival_three_bigger_balls, minivault_24, hangedman_decor_points,
          serial_bayou_pond_d

Action                   || total
-------------------------++-------
Melee: Unarmed           ||     8
       Bite              ||     4
 Stab: Sleeping          ||     1
Armor: Robe              ||     1
Dodge: Dodged            ||     4

Table legend:
 A = Spawn XP
 B = Non-spawn XP
 C = Spawn XP percentage of total XP
 D = Spawn monster count
 E = Non-spawn monster count
 F = Spawn count percentage of total count
 G = Total turns spent on level
                    A         B        C        D         E        F      G
               +---------+---------+-------+---------+---------+-------+---------
         Total |       0 |       1 |   0.0 |       0 |       1 |   0.0 |    73
               +---------+---------+-------+---------+---------+-------+---------
           D:1 |       0 |       1 |   0.0 |       0 |       1 |   0.0 |    73
               +---------+---------+-------+---------+---------+-------+---------

Vault maps used:
D:1:      dpeg_arrival_three_bigger_balls, minivault_24, hangedman_decor_points,
          serial_bayou_pond_d

Table legend:
 A = Turns spent in this place as a percentage of turns spent in the entire game.
 B = Non-inter-level travel turns spent in this place as a percentage of non-inter-level travel turns spent in the entire game.
 C = Inter-level travel turns spent in this place as a percentage of turns spent in this place.
 D = Turns resting spent in this place as a percentage of non-inter-level travel turns spent in this place.
 E = Turns spent auto-exploring this place as a percentage of non-inter-level travel turns spent in this place.
 F = Non-inter-level travel turns spent in this place divided by the number of levels of this place that you've seen.
                   A       B       C       D       E      F
               +-------+-------+-------+-------+-------+----------------------
         Total | 100.0 | 100.0 |   0.0 |   0.0 |  74.0 |  73.0
       Dungeon | 100.0 | 100.0 |   0.0 |   0.0 |  74.0 |  73.0
               +-------+-------+-------+-------+-------+----------------------

Table legend:
 A = Kills in this place as a percentage of kills in entire the game.
 B = Kills by you in this place as a percentage of kills by you in the entire game.
 C = Kills by friends in this place as a percentage of kills by friends in the entire game.
 D = Other kills in this place as a percentage of other kills in the entire game.
 E = Experience gained in this place as a percentage of experience gained in the entire game.
 F = Experience gained in this place divided by the number of levels of this place that you have seen.
                   A       B       C       D       E      F
               +-------+-------+-------+-------+-------+----------------------
         Total | 100.0 | 100.0 |   N/A |   N/A | 100.0 |   1.0
       Dungeon | 100.0 | 100.0 |   N/A |   N/A | 100.0 |   1.0
               +-------+-------+-------+-------+-------+----------------------
